 Dungeon Crawl Stone Soup version 0.30-a0-12-gd8047c6341 (webtiles) character file.

Game seed: 16234099418885626611

74761 ytrimaz the Black Belt (level 15, -3/153 HPs)
             Began as a Demonspawn Transmuter on Aug 23, 2022.
             Was a Priest of Ashenzari.
             Slain by an orc warrior
             ... wielding a +0 halberd
              (4 damage)
             ... on level 2 of the Orcish Mines on Aug 24, 2022.
             The game lasted 00:45:21 (21539 turns).

ytrimaz the Black Belt (Demonspawn Transmuter)     Turns: 21539, Time: 00:45:22

Health: -3/153     AC: 33    Str: 11    XL:     15   Next: 7%
Magic:  24/24      EV: 12    Int: 21    God:    Ashenzari [***...]
Gold:   1573       SH:  0    Dex: 14    Spells: 13/26 levels left

rFire   . . .      SeeInvis +      - Unarmed
rCold   . . .      Faith    .    (no shield)
rNeg    + . .      Spirit   .    (body armour currently unavailable)
rPois   ∞          Reflect  .    B - +0 mask of the Dragon {Will+ Slay+3 SInv}
rElec   +          Harm     .    f - +2 cloak "At What Cost Knowledge?" {Self, Alch} (curse)
rCorr   .          Rampage  .    (gloves currently unavailable)
Will    ++...      Clarity  +    (boots unavailable)
Stlth   +.........               b - amulet of regeneration
HPRegen 1.15/turn                I - ring of the Wild Blue Yonder {Wiz Contam Slay+5 SInv, Range, Melee} (curse)
MPRegen 0.19/turn                H - +4 ring of protection

@: confused, statue-form, ambrosia-drunk, wereblooded, invisible, very slow
A: slow and powerful, torment resistance 1, boosted hp, hooves 3, (icy blue
scales 2), demonic guardian 2, spiny 1
a: End Transformation, Renounce Religion, Curse Item, Shatter the Chains


You were on level 2 of the Orcish Mines.
You worshipped Ashenzari.
Ashenzari was most pleased with you.
You were a living statue of rough stone.
You visited 4 branches of the dungeon, and saw 21 of its levels.
You also visited: Gauntlet.

You collected 1890 gold pieces.
You spent 317 gold pieces at shops.

Inventory:

Armour
 f - the cursed +2 cloak "At What Cost Knowledge?" (worn) {Self, Alch}
   (You found it on level 1 of the Dungeon)

   It has a curse which improves the following skills: Introspection: Fighting
   and Spellcasting.
   Alchemy:   Poison Magic and Transmutations.
 g - the cursed +1 pair of gloves of the Eternal Fallacy (melded) {Bglg, Comp}
   (You found it on level 3 of the Dungeon)

   It has a curse which improves the following skills: Beguiling: Conjurations,
   Hexes and Translocations.
   Companions: Summonings and Necromancy.
 y - the cursed +2 leather armour "Bound Heresy" (melded) {Will+, Bglg, Alch}
   (You found it on level 7 of the Dungeon)

   It has a curse which improves the following skills: Beguiling: Conjurations,
   Hexes and Translocations.
   Alchemy:   Poison Magic and Transmutations.
 B - the +0 mask of the Dragon (worn) {Will+ Slay+3 SInv}
   (You acquired it on level 5 of the Lair of Beasts)

   Slay:      It affects your accuracy & damage with ranged weapons and melee
   (+3).
   SInv:      It lets you see invisible.
   Will:      It increases your willpower.
Jewellery
 b - an amulet of regeneration (around neck)
 h - a ring of magical power
 j - a ring of protection from cold
 l - a ring of protection from cold
 n - a ring of flight
 q - a ring of willpower
 s - a ring of resist corrosion
 H - a +4 ring of protection (right fist)
 I - the cursed ring of the Wild Blue Yonder (left fist) {Wiz Contam Slay+5 SInv, Range, Melee}
   (You found it in a Gauntlet)

   [ring of wizardry]

   It improves your spell success rate.
   Slay:      It affects your accuracy & damage with ranged weapons and melee
   (+5).
   SInv:      It lets you see invisible.
   Contam:    It causes magical contamination when unequipped.
   It has a curse which improves the following skills: Ranged Combat: Ranged
   Weapons and Throwing.
   Melee Combat: Short Blades, Long Blades, Axes, Maces & Flails, Polearms,
   Staves and Unarmed Combat.
 L - an amulet of the acrobat
Wands
 a - a wand of digging (9)
 m - a wand of quicksilver (17)
 x - a wand of flame (19)
 C - a wand of mindburst (11)
 G - a wand of iceblast (4)
Scrolls
 e - 5 scrolls of blinking
 o - a scroll of butterflies
 t - 2 scrolls of enchant weapon
 u - 2 scrolls of brand weapon
 z - a scroll of silence
 A - 3 scrolls of fear
 E - 2 scrolls of enchant armour
 J - 2 scrolls of amnesia
 M - a scroll of magic mapping
 N - 3 scrolls of summoning
Potions
 c - 7 potions of ambrosia
 d - 3 potions of curing
 i - 5 potions of attraction
 k - a potion of flight
 p - a potion of lignification
 r - a potion of mutation
 v - 2 potions of brilliance
 w - 3 potions of cancellation
 D - 2 potions of might
 F - a potion of haste


   Skills:
 * Level 9.4(11.0) Fighting
 - Level 2.4 Dodging
 - Level 0.3 Stealth
 - Level 16.2(17.7) Unarmed Combat
 - Level 4.5(6.1) Spellcasting
 * Level 16.1(17.6) Transmutations
 - Level 4.0 Earth Magic


You had 13 spell levels left.
You knew the following spells:

 Your Spells              Type           Power      Damage    Failure   Level
a - Beastly Appendage     Tmut           100%       N/A       0%          1
b - Wereblood             Tmut           69%        N/A       0%          2
c - Statue Form           Tmut/Erth      34%        N/A       7%          6
d - Ice Form              Ice/Tmut       43%        N/A       1%          4

Your spell library contained the following spells:

 Spells                   Type           Power      Damage    Failure   Level
 Sandblast                Erth           46%        2d11      1%          1
 Passwall                 Tmut/Erth      42%        N/A       1%          2
 Ignite Poison            Fire/Tmut/Pois 31%        N/A       1%          3
 Spider Form              Tmut/Pois      43%        N/A       1%          3
 Apportation              Tloc           12%        N/A       4%          1
 Magic Dart               Conj           24%        1d4       4%          1
 Slow                     Hex            24%        N/A       4%          1
 Stone Arrow              Conj/Erth      28%        3d8       5%          3
 Blink                    Tloc           12%        N/A       6%          2
 Call Imp                 Summ           6%         N/A       6%          2
 Ensorcelled Hibernation  Hex/Ice        12%        N/A       6%          2
 Sublimation of Blood     Necr           6%         N/A       6%          2
 Confusing Touch          Hex            6%         N/A       12%         3
 Conjure Flame            Conj/Fire      6%         6-21      12%         3
 Gell's Gravitas          Tloc           6%         N/A       12%         3
 Lesser Beckoning         Tloc           6%         N/A       12%         3
 Mephitic Cloud           Conj/Pois/Air  6%         N/A       12%         3
 Portal Projectile        Hex/Tloc       12%        N/A       12%         3
 Teleport Other           Tloc           6%         N/A       12%         3
 Vampiric Draining        Necr           6%         2d6       12%         3
 Leda's Liquefaction      Hex/Erth       7%         N/A       16%         4
 Lee's Rapid Deconstruct  Erth           11%        3d9*      21%         5
 Anguish                  Hex/Necr       3%         N/A       34%         4
 Animate Dead             Necr           6%         N/A       34%         4
 Sticky Flame             Conj/Fire      6%         2d3       34%         4
 Borgnjor's Vile Clutch   Necr/Erth      7%         N/A       41%         5
 Death Channel            Necr           3%         N/A       99%         6
 Enfeeble                 Hex            3%         N/A       100%        7
 Haunt                    Necr/Summ      3%         N/A       100%        7
 Infestation              Necr           3%         N/A       100%        8


Dungeon Overview and Level Annotations

Branches:
Dungeon (13/15)            Temple (1/1) D:5            Lair (5/5) D:8
  Swamp (0/4) Lair:2       Spider (0/4) Lair:2        Slime (0/5) Lair:5
    Orc (2/2) D:10        Gauntlet (visited)
    Elf: Orc:2       Vaults: D:13-14

Altars:
Ashenzari
Cheibriados
Dithmenos
Fedhas
Gozag
Hepliaklqana
Kikubaaqudgha
Makhleb
Nemelex Xobeh
Okawaru
Qazlal
Ru
Sif Muna
Trog
Uskayaw
Vehumet
Wu Jian
Xom
Yredelemnul
Jiyva

Shops:
D:2 !   D:6 ((?   D:8 *   D:9 *   D:13 [

Annotations:
D:9 2 runed translucent doors
D:11 exclusion: ugly thing
Lair:4 2 transporters, Riheudah's ghost, journeyman TrDe


Innate Abilities, Weirdness & Mutations

You are a living statue of rough stone.
Your actions are slow, but your melee attacks are powerful.
You are resistant to unholy torment.
Your maximum health is greatly increased.
You are immune to poison.
Your equipment is partially melded.
You have hooves in place of feet.
((You are mostly covered in icy blue scales. (AC +3)))
A demonic guardian rushes to your aid.
You are partially covered in sharp spines.


Message History

The orc warrior hits you with a +0 halberd!
* * * LOW HITPOINT WARNING * * *
A demonic guardian appears!
The orc high priest mumbles some strange prayers to Beogh.
An orc priest comes into view. It is wielding a +0 hand axe.
You hear a shout!
Your sixfirhy hits the orc warrior but does no damage.
Your sixfirhy hits the orc warrior!
Your sixfirhy shocks the orc warrior!
Your sixfirhy hits the orc warrior!
The orc warrior dies!
Your sixfirhy hits the orc warrior but does no damage.
The orc warrior barely misses you.
The orc priest invokes the aid of Beogh against you.
Beogh smites you!
* * * LOW HITPOINT WARNING * * *
You fade into invisibility!
Your sixfirhy hits the orc warrior.
Your sixfirhy shocks the orc warrior!
The orc warrior misses your sixfirhy.
The orc warrior closely misses your sixfirhy.
The orc knight hits your sixfirhy with a +0 war axe!!
The orc warrior hits your sixfirhy with a +0 battleaxe!!!
Your sixfirhy dies!
Your sixfirhy disappears in a puff of smoke!
The orc warrior shouts!
You feel better.
You are confused.
You feel invigorated.
The orc high priest mumbles some strange prayers to Beogh against you.
Beogh smites you!
* * * LOW HITPOINT WARNING * * *
The orc knight closely misses you.
The orc warrior hits you with a +0 battleaxe!
* * * LOW HITPOINT WARNING * * *
The orc warrior hits you from afar with a +0 halberd.
* * * LOW HITPOINT WARNING * * *
The orc warrior closely misses you.
The orc knight hits you with a +0 war axe!
* * * LOW HITPOINT WARNING * * *
The orc warrior hits you from afar with a +0 halberd.
You die...

,...## ###.........####.
,o....* ##.............##.
.o....###...............#.
*
#.#.#.#.#.#.#.#.#.#.#.#.#.
, ,
...3..o...................
..o...#o#.........).......
...o.o.{ooo...............
*
#.#.#.#{#o#.#.#.#.#.#.#.#)
,, .. ###8o.............#.
, ,... *
##.............### * ...*
###.........### # * .# *
###.....### # ** ####### *
# * *


You could see an orc knight (strong, unable to see you), 2 orc high priests, 2
orc warriors and 2 orc priests.

Vanquished Creatures
  Azrael (Orc:2)
  A minotaur (Gauntlet)
  Snorg (Lair:4)
  Josephine (D:10)
  7 hydras
  A ghost crab (Gauntlet)
  Erica (D:9)
  4 two-headed ogres
  2 centaur warriors (D:13)
  15 death yaks
  2 orc high priests (Orc:2)
  A goliath frog (Lair:5)
  A death drake (Gauntlet)
  5 orc knights (Orc:2)
  7 centaur zombies (D:12)
  A manticore (D:13)
  2 spectral centaurs (Gauntlet)
  2 cyclopes (D:13)
  8 elephants (Lair:2)
  5 black mambas
  15 cane toads
  A gargoyle (D:10)
  An unseen horror (D:12)
  A rime drake (Lair:1)
  7 komodo dragons
  A queen bee (D:11)
  A polar bear (Lair:3)
  5 trolls
  A burning bush (Lair:1)
  A tarantella (shapeshifter) (D:13)
  3 tyrant leeches (Lair:5)
  5 dream sheep (Lair:3)
  3 jumping spiders (Lair:2)
  22 blink frogs
  30 yaks
  Sigmund (D:5)
  8 vampires
  2 culicivoras (Lair:2)
  3 wyverns
  5 fire elementals (Orc:2)
  7 wraiths
  5 shadows (D:12)
  A basilisk (Lair:5)
  11 vampire mosquitoes
  3 redbacks (Lair:2)
  Menkaure (D:7)
  3 steam dragons
  6 wargs
  An acid dragon (D:13)
  2 hell hounds (Orc:2)
  16 water moccasins
  16 orc warriors
  2 sky beasts
  2 black bears
  An ice beast (D:6)
  4 ogres
  3 centaurs
  13 wolves
  A phantom (D:4)
  Blork the orc (D:5)
  2 kobold brigands
  3 necrophages
  2 gnoll sergeants
  17 bullfrogs
  3 wights (D:7)
  20 killer bees
  8 howler monkeys
  7 electric eels
  23 orc priests
  6 hounds
  4 jellies
  A gnoll bouda (D:9)
  3 iguanas
  2 boggart zombies (D:12)
  14 orc wizards
  10 adders
  13 gnolls
  A shadow imp (D:5)
  2 white imps
  An ufetubus (D:6)
  2 worms (D:3)
  3 dart slugs
  61 orcs
  7 endoplasms
  A giant cockroach (D:2)
  4 goblins
  4 hobgoblins
  15 kobolds
  A quokka (D:5)
  5 ball pythons
  3 bats
  A frilled lizard (D:1)
  4 rats
536 creatures vanquished.

Vanquished Creatures (collateral kills)
  2 death yaks (Lair:3)
  2 elephants (Lair:2)
  3 cane toads
  A rime drake (Lair:4)
  2 komodo dragons (Lair:5)
  2 blink frogs (Lair:1)
  A culicivora (Lair:2)
  A wraith (D:10)
  A yak (Lair:2)
  A vampire mosquito (Lair:5)
  An orc warrior (Orc:2)
  2 killer bees (D:10)
  2 orcs
  A kobold (D:8)
22 creatures vanquished.

Vanquished Creatures (others)
  An orc (Orc:2)
  12 fungi
  50 plants
  8 withered plants (D:12)
71 creatures vanquished.

Grand Total: 629 creatures vanquished

Notes
Turn   | Place    | Note
-------+----------+-------------------------------------------
     0 | D:1      | ytrimaz the Demonspawn Transmuter began the quest for the
                  | Orb.
     0 | D:1      | Reached XP level 1. HP: 15/15 MP: 3/3
   778 | D:1      | Lost mutation: You have razor-sharp toenails. [demonic
                  | ancestry]
   778 | D:1      | Lost mutation: You have sharp toenails. [demonic ancestry]
   778 | D:1      | Gained mutation: You have large cloven feet. [demonic
                  | ancestry]
   778 | D:1      | Reached XP level 2. HP: 20/21 MP: 3/5
  1657 | D:2      | Reached XP level 3. HP: 12/26 MP: 6/6
  1663 | D:2      | Found Seovado's Distillery.
  2165 | D:3      | Lost mutation: You have razor-sharp toenails. [demonic
                  | ancestry]
  2165 | D:3      | Lost mutation: You have sharp toenails. [demonic ancestry]
  2165 | D:3      | Gained mutation: You have hoof-like feet. [demonic
                  | ancestry]
  2165 | D:3      | Reached XP level 4. HP: 24/32 MP: 5/7
  2317 | D:3      | Noticed a necrophage
  2336 | D:3      | Killed a necrophage
  2337 | D:3      | Reached XP level 5. HP: 12/37 MP: 9/9
  4241 | D:4      | Got the Exposition on Misery
  4278 | D:4      | Noticed a phantom
  4300 | D:4      | Gained mutation: You are partially covered in sharp spines.
                  | [demonic ancestry]
  4300 | D:4      | Reached XP level 6. HP: 43/43 MP: 10/10
  4793 | D:4      | Learned a level 2 spell: Wereblood
  4804 | D:5      | Entered Level 5 of the Dungeon
  4982 | D:5      | Found an opulent altar of Gozag.
  4982 | D:5      | Found a burning altar of Makhleb.
  4983 | D:5      | Found a bloodstained altar of Trog.
  4984 | D:5      | Noticed Sigmund
  5006 | D:5      | Killed Sigmund
  5007 | D:5      | Reached skill level 5 in Unarmed Combat
  5007 | D:5      | Gained mutation: A weak demonic guardian rushes to your
                  | aid. [demonic ancestry]
  5007 | D:5      | Reached XP level 7. HP: 27/48 MP: 11/13
  5250 | D:5      | Noticed Blork the orc
  5263 | D:5      | Killed Blork the orc
  5507 | D:5      | Found a staircase to the Ecumenical Temple.
  5688 | Temple   | Entered the Ecumenical Temple
  5831 | Temple   | Became a worshipper of Ashenzari the Shackled
  6190 | D:5      | Learned a level 6 spell: Statue Form
  6466 | D:6      | Reached skill level 1 in Earth Magic
  6469 | D:6      | Reached XP level 8. HP: 36/54 MP: 14/14
  6707 | D:6      | Found Cugeosh's Weapon Emporium.
  6894 | D:6      | Found Lirhatz's Magic Scroll Emporium.
  6979 | D:6      | Found Dyimpint's Antique Weapon Shoppe.
  7436 | D:7      | Reached skill level 5 in Transmutations
  7903 | D:7      | Gained mutation: You are partially covered in icy blue
                  | scales. (AC +2) [demonic ancestry]
  7903 | D:7      | Reached XP level 9. HP: 47/59 MP: 15/15
  8030 | D:7      | Noticed Menkaure
  8034 | D:7      | Killed Menkaure
  8311 | D:8      | Found a shimmering blue altar of Sif Muna.
  8340 | D:8      | Found a staircase to the Lair.
  8855 | D:8      | Found Bacek's Island Escapes.
  9369 | D:9      | Reached * piety under Ashenzari
  9459 | D:9      | Noticed Erica
  9474 | D:9      | Killed Erica
  9538 | D:9      | Found Qiculiux's General Store.
  9547 | D:9      | Bought a scroll of teleportation for 39 gold pieces
  9547 | D:9      | Bought a potion of haste for 130 gold pieces
  9723 | D:9      | Found a runed translucent door.
  9726 | D:9      | Found a runed translucent door.
  9828 | D:9      | Noticed a two-headed ogre
 10227 | D:9      | Killed a two-headed ogre
 10228 | D:9      | Reached skill level 10 in Unarmed Combat
 10228 | D:9      | Gained mutation: You are mostly covered in icy blue scales.
                  | (AC +3) [demonic ancestry]
 10228 | D:9      | Reached XP level 10. HP: 38/66 MP: 18/18
 10431 | D:10     | Entered Level 10 of the Dungeon
 10463 | D:10     | Identified the +2 hand axe of Kityat {vorpal, rPois rC+
                  | Dex+4}
 10554 | D:10     | Found a staircase to the Orcish Mines.
 10826 | D:10     | Noticed Josephine
 10834 | D:10     | Killed Josephine
 10869 | D:10     | Identified the cursed +2 cloak "At What Cost Knowledge?"
                  | {Self, Alch} (You found it on level 1 of the Dungeon)
 10869 | D:10     | Identified the cursed +1 pair of gloves of the Eternal
                  | Fallacy {Bglg, Comp} (You found it on level 3 of the
                  | Dungeon)
 11042 | D:10     | HP: 2/66 [orc warrior/bolt (11)]
 11515 | D:10     | Reached ** piety under Ashenzari
 11604 | D:10     | Noticed a gargoyle
 11620 | D:10     | Killed a gargoyle
 11992 | D:11     | Noticed a four-headed hydra
 12019 | D:11     | Killed a four-headed hydra
 12031 | D:11     | Identified the cursed +2 leather armour "Bound Heresy"
                  | {Will+, Bglg, Alch} (You found it on level 7 of the
                  | Dungeon)
 12269 | D:11     | Noticed a green ugly thing
 12418 | D:11     | Lost mutation: You have razor-sharp toenails. [demonic
                  | ancestry]
 12418 | D:11     | Lost mutation: You have sharp toenails. [demonic ancestry]
 12418 | D:11     | Gained mutation: You have hooves in place of feet. [demonic
                  | ancestry]
 12418 | D:11     | Reached XP level 11. HP: 70/72 MP: 18/19
 12784 | D:12     | Identified the +2 glaive "Nujuanif" {flame, Int+3}
 13064 | D:12     | Noticed a two-headed ogre
 13071 | D:12     | Killed a two-headed ogre
 13315 | D:12     | Noticed a two-headed ogre
 13564 | D:12     | Gained mutation: A demonic guardian rushes to your aid.
                  | [demonic ancestry]
 13564 | D:12     | Reached XP level 12. HP: 78/78 MP: 20/20
 13609 | D:12     | Killed a two-headed ogre
 13890 | D:13     | Noticed a centaur warrior
 13899 | D:13     | Killed a centaur warrior
 13981 | D:13     | Found Acrafini's Antique Armour Shop.
 14000 | D:13     | Bought a helmet for 148 gold pieces
 14127 | D:13     | Noticed a centaur warrior
 14145 | D:13     | Killed a centaur warrior
 14157 | D:13     | Reached skill level 10 in Transmutations
 14417 | D:13     | Reached skill level 15 in Unarmed Combat
 14800 | D:8      | Learned a level 4 spell: Ice Form
 14829 | Lair:1   | Entered Level 1 of the Lair of Beasts
 15435 | Lair:1   | Identified the +6 war axe "Oraf" {flame, Fly rPois Str+5}
 15465 | Lair:1   | Noticed a death yak
 15466 | Lair:1   | Noticed a death yak
 15467 | Lair:1   | Noticed a death yak
 15468 | Lair:1   | Noticed a death yak
 15494 | Lair:1   | Killed a death yak
 15496 | Lair:1   | Killed a death yak
 15504 | Lair:1   | Killed a death yak
 15508 | Lair:1   | Killed a death yak
 15943 | Lair:2   | Reached XP level 13. HP: 87/87 MP: 18/21
 16062 | Lair:2   | Found a hole to the Spider Nest.
 16691 | Lair:2   | Found a staircase to the Swamp.
 16914 | Lair:2   | Reached *** piety under Ashenzari
 16986 | Lair:3   | Found a gate leading to a gauntlet.
 17000 | Gauntlet | Entered a Gauntlet
 17000 | Gauntlet | Identified the +2 morningstar of Gloom {spect, rPois MP+9
                  | Str+3}
 17000 | Gauntlet | Found a transporter.
 17000 | Gauntlet | Found a transporter.
 17000 | Gauntlet | Found a transporter.
 17016 | Gauntlet | Found a transporter.
 17020 | Gauntlet | Found a transporter.
 17032 | Gauntlet | Found a transporter.
 17039 | Gauntlet | Identified the ring of Brilliance {Wiz Contam Slay+5 SInv}
 17051 | Gauntlet | Found a transporter.
 17057 | Gauntlet | Found a transporter.
 17065 | Gauntlet | Found a transporter.
 17066 | Gauntlet | Identified the amulet "Tyotsoil" {Spirit Dex+6 Slay-2}
 17087 | Gauntlet | Found a large runed translucent door.
 17087 | Gauntlet | Found a transporter.
 17088 | Gauntlet | Found a large runed translucent door.
 17089 | Gauntlet | Found a large runed translucent door.
 17089 | Gauntlet | Found a large runed translucent door.
 17090 | Gauntlet | Found a runed translucent gate.
 17091 | Gauntlet | Found a transporter.
 17091 | Gauntlet | Found a runed translucent gate.
 17092 | Gauntlet | Found a runed translucent gate.
 17093 | Gauntlet | Found a large runed translucent door.
 17093 | Gauntlet | Found a large runed translucent door.
 17094 | Gauntlet | Found a large runed translucent door.
 17095 | Gauntlet | Found a large runed translucent door.
 17104 | Gauntlet | Found a large runed translucent door.
 17104 | Gauntlet | Found a large runed translucent door.
 17104 | Gauntlet | Found a runed translucent door.
 17104 | Gauntlet | Found a runed translucent door.
 17105 | Gauntlet | Found a large runed translucent door.
 17106 | Gauntlet | Found a large runed translucent door.
 17108 | Gauntlet | Found a transporter.
 17148 | Gauntlet | Found a large runed translucent door.
 17149 | Gauntlet | Found a large runed translucent door.
 17150 | Gauntlet | Found a large runed translucent door.
 17150 | Gauntlet | Found a large runed translucent door.
 17201 | Gauntlet | Identified the cursed +0 helmet "Sibylline Adversity"
                  | {Bglg, Self} (You bought it in a shop on level 13 of the
                  | Dungeon)
 17233 | Gauntlet | Reached skill level 5 in Fighting
 17269 | Gauntlet | Noticed a minotaur
 17272 | Gauntlet | Killed a minotaur
 17276 | Gauntlet | Identified the Anthology of the Glacier and the Lungs
 17277 | Gauntlet | Identified Sif Muna's Directory of a Thousand Xalams
 17277 | Gauntlet | Identified the +0 ring mail "Tusch" {-Tele Regen+ Int+2}
 17357 | Lair:3   | Identified the +0 scale mail of Resourcefulness {rElec
                  | rCorr Str-2}
 17887 | Lair:3   | Reached XP level 14. HP: 104/108 MP: 19/24
 18392 | Lair:4   | Noticed Snorg
 18400 | Lair:4   | Killed Snorg
 18531 | Lair:4   | Found a transporter.
 18541 | Lair:4   | Noticed Riheudah's ghost (journeyman TrDe)
 18884 | Lair:4   | Found a transporter.
 19371 | Lair:5   | Entered Level 5 of the Lair of Beasts
 19715 | Lair:5   | Reached skill level 15 in Transmutations
 19823 | Lair:5   | Identified a scroll of acquirement
 20081 | Lair:5   | Found a runed translucent door.
 20081 | Lair:5   | Found a viscous altar of Jiyva.
 20082 | Lair:5   | Found a staircase to the Slime Pits.
 20480 | Lair:5   | Acquired the +0 mask of the Dragon {Will+ Slay+3 SInv}
 20480 | Lair:5   | Found the +0 mask of the Dragon {Will+ Slay+3 SInv}
 20712 | Orc:1    | Entered Level 1 of the Orcish Mines
 21193 | Orc:2    | Entered Level 2 of the Orcish Mines
 21206 | Orc:2    | Noticed Azrael
 21215 | Orc:2    | Killed Azrael
 21431 | Orc:2    | Reached XP level 15. HP: 117/117 MP: 22/24
 21539 | Orc:2    | HP: 1/153 [orc knight/+0 war axe (15)]
 21539 | Orc:2    | Slain by an orc warrior

Illustrated notes

Levels and vault maps discovered:
D:1:      dpeg_arrival_leaves_temple_mockup, layout_loops_corners
D:2:      layout_basic, serial_shops, nicolae_shop_waterfront,
          minmay_misc_feat_room
D:3:      layout_loops_corners
D:4:      layout_rooms
D:5:      layout_basic, chequers_temple_overflow_statue_of_worship,
          minmay_temple_entry_enclosed_plants, uniq_blork_the_orc, uniq_sigmund
D:6:      layout_basic, serial_shops, nicolae_shop_stone,
          nicolae_shop_behind_doors, nicolae_diamond_shop,
          kennysheep_opposing_triangles
D:7:      layout_basic, marbit_many_paths, kennysheep_small_square,
          uniq_menkaure
D:8:      layout_loops_ring, mainiacjoe_overflow_brackets, hex_large,
          minivault_26, roderic_serpentine_path, nicolae_island_escapes
D:9:      lemuel_insect_pit, layout_basic, serial_shops, nicolae_lakefront_shop,
          uniq_erica
D:10:     layout_basic, kennysheep_decorative_pillar, uniq_josephine
D:11:     layout_long_grid, special_room [special_room_bee]
D:12:     layout_rooms, serial_undead, serial_undead_e, serial_undead_b,
          serial_undead_c, serial_undead_b, serial_undead_d, serial_undead_b,
          serial_undead_a, serial_undead_b, serial_undead_c, serial_undead_a,
          kennysheep_generic_room_13
D:13:     layout_loops_cross, serial_shops, nicolae_shop_waterfront
Temple:   minmay_crystal_spiral_temple
Lair:1:   layout_chaotic_city, evilmike_ambush [evilmike_ambush_outer_basic,
          evilmike_ambush_inner_basic]
Lair:2:   layout_loops_ring, swamp_mist, nicolae_spider_entry_tight_spaces
Lair:3:   layout_cave_pods, gauntlet_entry_generic, grunt_megastairs_1
Lair:4:   layout_cave_pods, gammafunk_ghost_arena, uniq_snorg
Lair:5:   minmay_lair_end_frog_pond, layout_regular_city, slime_entry_2,
          serial_bayou_shore_b
Orc:1:    layout_diamond_mine
Orc:2:    st_orc_pillars, layout_caves, serial_shops, shop, mines5_lemuel,
          uniq_azrael

Skill      XL: |  1  2  3  4  5  6  7  8  9 10 11 12 13 14 15 |
---------------+----------------------------------------------+-----
Unarmed Combat | 3 4 5 6 7 10 12 14 16 | 16.2
Transmutations | 2 3 4 5 7 8 9 11 13 15 16 | 16.1
Dodging        | 2 |  2.4
Spellcasting   | 3 4 |  4.5
Earth Magic    | 1 3 4 |  4.0
Fighting       | 2 6 9 |  9.4
Stealth        | |  0.3

Action                   |  1- 3 |  4- 6 |  7- 9 | 10-12 | 13-15 || total
-------------------------+-------+-------+-------+-------+-------++-------
Melee: Unarmed           |    87 |   125 |   247 |   598 |   396 ||  1453
       Kick              |    14 |    22 |    69 |   184 |   128 ||   417
       Headbutt          |     9 |    22 |    43 |   113 |     1 ||   188
       Punch             |       |     4 |     8 |    56 |    43 ||   111
 Cast: Beastly Appendage |    18 |    26 |    45 |    64 |     4 ||   157
       Wereblood         |       |       |     4 |     3 |    12 ||    19
       Ice Form          |       |       |       |     8 |     1 ||     9
       Statue Form       |       |       |       |     2 |    49 ||    51
Invok: Curse Item        |       |       |     2 |     1 |     2 ||     5
       Shatter the Chain |       |       |       |       |     1 ||     1
  Use: Scroll            |     5 |     5 |     6 |     3 |     1 ||    20
       Potion            |       |     2 |     5 |     6 |     6 ||    19
 Stab: Sleeping          |       |     1 |       |       |       ||     1
       Distracted        |       |       |     2 |     1 |     3 ||     6
Armor: Robe              |    27 |    42 |    47 |       |       ||   116
       Skin              |       |    10 |       |    62 |   394 ||   466
       Leather armour    |       |       |    59 |   249 |    18 ||   326
Dodge: Dodged            |    43 |    73 |   143 |   348 |   372 ||   979

Table legend: (Time is in decaauts)
 A = Elapsed time spent in this place.
 B = Non-inter-level travel time spent in this place.
 C = Inter-level travel time spent in this place.
 D = Time resting spent in this place.
 E = Time spent auto-exploring this place.
 F = Levels seen in this place.
 G = Mean time per level.
                   A        B        C        D        E       F      G
               +--------+--------+--------+--------+--------+-----+--------+
         Total |  22224 |  21041 |   1183 |    773 |  16221 |  22 | 1010.2 |
       Dungeon |  14600 |  13823 |    777 |    506 |  11002 |  13 | 1123.1 |
        Temple |    213 |    129 |     84 |      0 |    112 |   1 |  213.0 |
          Lair |   6055 |   5767 |    288 |    267 |   4283 |   5 | 1211.0 |
  Orcish Mines |   1003 |    970 |     33 |      0 |    686 |   2 |  501.5 |
      Gauntlet |    352 |    352 |      0 |      0 |    136 |   1 |  352.0 |
               +--------+--------+--------+--------+--------+-----+--------+

Top non-repeatable levels by time:
    D:10: 1610 daAuts
     D:3: 1501 daAuts
     D:1: 1341 daAuts
  Lair:4: 1305 daAuts
  Lair:3: 1268 daAuts
  Lair:5: 1229 daAuts
     D:5: 1192 daAuts
  Lair:2: 1171 daAuts
     D:4: 1154 daAuts
     D:6: 1131 daAuts
     D:8: 1121 daAuts
     D:9: 1114 daAuts
  Lair:1: 1080 daAuts
    D:12: 991 daAuts
     D:7: 933 daAuts
